Thunder vs Rafales
Created - April 10, 2020 at 21:01
Goals
|
| Thunder |
0 |
2 |
2 |
4 |
| Rafales |
5 |
1 |
1 |
7 |
|
Shots
|
| Thunder |
5 |
7 |
11 |
23 |
| Rafales |
15 |
13 |
5 |
33 |
|
1st period
1. Rafales , Carl Klingberg 36 (Nathan Davis 41, Andrew Shaw 75) at 4:12
2. Rafales , Brian Ferlin 21 (Bruno Gervais 33) at 4:26
3. Rafales , Tim Crowder 28 (Andrew Shaw 76, Julian Melchiori 29) at 11:14
4. Rafales , Nathan Davis 31 (Dylan McIlrath 21, Carl Klingberg 41) at 12:41
5. Rafales , Kevin Veilleux 18 (Brian Ferlin 26) at 19:39
Penalties :
Julian Melchiori (Stf) for Interference (Minor) at 6:09, Dylan McIlrath (Stf) for Diving (Minor) at 14:56, Dany Roussin (TRO) for High sticking (Minor) at 16:29
2nd period
6. Thunder , Mike Hoffman 11 (Trevor Lewis 30, Joey Ryan 32) at 0:32
7. Rafales , Carl Klingberg 37 (Andrew Shaw 77, Nathan Davis 42) at 0:43
8. Thunder , Trevor Lewis 24 (Peter Andersson 25, Joey Ryan 33) at 2:22
Penalties :
Carl Klingberg (Stf) for Fighting (Major) at 2:44, Eric Fehr (TRO) for Fighting (Major) at 2:44, Eric Fehr (TRO) for instigated a fight (Minor) at 2:44, Eric Fehr (TRO) for instigated a fight (10 Minutes Misconduct) at 2:44
3rd period
9. Thunder , William Karlsson 29 (Joey Ryan 34, Dany Roussin 55) at 0:53 (PP)
10. Rafales , Tim Crowder 29 (Bruno Gervais 34) at 6:09
11. Thunder , Eric Fehr 48 (Dany Roussin 56) at 14:06 (SH)
Penalties :
Dylan McIlrath (Stf) for Hooking (Minor) at 0:41, Jayson Megna (Stf) for Fighting (Major) at 8:01, David Wolf (TRO) for Fighting (Major) at 8:01, Dany Roussin (TRO) for Hooking (Minor) at 11:09, Mackenze Stewart (TRO) for Slashing (Minor) at 13:59
Goalie Stats
Niklas Treutle (TRO), 22 saves from 25 shots - (0.880), L, 19-26-5, 47:19 minutes
Jussi Rynnas (TRO), 4 saves from 8 shots - (0.500), 12:41 minutes
Jake Allen (Stf), 19 saves from 23 shots - (0.826), W, 13-13-5, 60:00 minutes
Players Stats for Thunder
Player Name G A P +/- PIM S H SB GA TA FO MP PP MP PK MP
------------------------------------------------------------------------------------
Artur Gavrus 0 0 0 0 0 0 0 0 0 0 0/0 0:00 0:00 0:00
Austin Poganski 0 0 0 0 0 0 3 0 0 0 0/0 12:12 0:00 0:00
Austin Wuthrich 0 0 0 0 0 1 3 0 0 0 1/1 16:05 1:34 0:00
Colby Cave 0 0 0 0 0 0 0 0 0 0 0/0 1:42 0:00 0:00
Dany Roussin 0 2 2 -4 4 3 2 0 0 0 1/1 19:38 2:09 2:11
David Wolf 0 0 0 0 5 4 3 0 0 1 0/0 11:57 0:00 0:18
Derek Forbort 0 0 0 -1 0 2 0 4 0 0 0/0 19:33 1:12 3:11
Emil Johansson 0 0 0 -1 0 0 0 0 0 0 0/0 12:20 0:00 0:00
Eric Fehr 1 0 1 -4 17 2 0 0 1 0 6/9 20:07 2:10 3:04
Jamie McGinn 0 0 0 0 0 0 4 1 0 0 0/0 6:05 0:00 0:00
Jarrod Maidens 0 0 0 0 0 0 0 0 0 0 0/0 0:00 0:00 0:00
Jesper Pettersson 0 0 0 -1 0 0 0 1 1 2 0/0 19:33 1:12 3:11
Joey Ryan 0 3 3 -2 0 1 2 0 0 1 0/0 28:07 2:32 4:19
Jordan Weal 0 0 0 0 0 0 1 0 0 0 1/2 8:18 0:00 2:13
Mackenze Stewart 0 0 0 -1 2 0 0 0 0 0 0/0 12:32 0:00 0:00
Michael Schumacher 0 0 0 0 0 0 0 0 0 0 0/0 0:00 0:00 0:00
Mike Hoffman 1 0 1 0 0 3 2 2 2 0 0/1 19:38 1:34 3:11
Nikolay Prokhorkin 0 0 0 0 0 0 0 0 0 0 0/0 6:34 0:00 0:48
Peter Andersson 0 1 1 -2 0 1 1 1 0 0 0/0 28:07 2:32 4:19
Trevor Lewis 1 1 2 0 0 1 0 0 0 0 8/10 15:55 1:34 0:00
Vincent Dunn 0 0 0 0 0 0 0 0 0 0 0/1 3:07 0:00 2:15
William Karlsson 1 0 1 -5 0 3 0 0 0 0 14/29 18:21 2:10 1:04
Zach Stepan 0 0 0 0 0 2 0 1 0 0 5/9 12:12 0:00 0:00
Players Stats for Rafales
Player Name G A P +/- PIM S H SB GA TA FO MP PP MP PK MP
------------------------------------------------------------------------------------
Akim Aliu 0 0 0 0 0 0 0 0 0 0 0/0 1:16 0:48 0:00
Andrew Shaw 0 3 3 2 0 3 1 0 1 0 2/7 23:02 4:10 2:07
Ben Johnson 0 0 0 0 0 0 0 0 0 0 0/0 0:00 0:00 0:00
Ben Sexton 0 0 0 0 0 0 0 0 0 0 0/0 3:18 0:01 0:00
Ben Thomson 0 0 0 2 0 1 1 0 0 0 0/0 10:35 0:00 0:00
Borna Rendulic 0 0 0 0 0 1 1 0 0 0 0/0 7:21 0:08 0:00
Brad Ross 0 0 0 0 0 0 0 0 0 0 0/0 0:31 0:01 0:28
Brian Ferlin 1 1 2 0 0 3 6 1 0 0 0/0 19:00 3:07 1:09
Bruno Gervais 0 2 2 1 0 3 3 1 0 1 0/0 31:44 4:58 2:34
Carl Klingberg 2 1 3 2 5 5 2 1 0 0 2/2 20:34 3:09 2:07
Chris Terry 0 0 0 0 0 0 2 1 1 1 1/1 17:10 2:57 0:00
David Broll 0 0 0 0 0 0 0 0 0 0 0/0 0:00 0:00 0:00
Dylan McIlrath 0 1 1 0 4 1 0 0 0 0 0/0 22:56 3:32 0:35
James Marcou 0 0 0 0 0 0 0 0 0 0 0/0 4:14 0:57 0:00
Jayson Megna 0 0 0 2 5 1 2 0 0 0 2/5 10:01 0:00 0:00
Joe Labate 0 0 0 0 0 1 1 0 0 0 0/0 6:59 0:00 0:00
Joey Laleggia 0 0 0 2 0 1 1 1 0 0 0/0 16:05 1:36 1:56
Julian Melchiori 0 1 1 4 2 2 1 2 0 2 0/0 27:58 4:12 0:55
Kevin Veilleux 1 0 1 0 0 2 3 0 2 0 3/14 17:10 2:57 0:00
Nathan Davis 1 2 3 2 0 6 2 0 0 0 17/34 20:52 3:24 1:09
Ryan Bourque 0 0 0 0 0 0 0 0 0 0 0/0 0:40 0:00 0:28
Slater Koekkoek 0 0 0 1 0 0 1 0 0 0 0/0 16:45 1:33 1:28
Tim Crowder 2 0 2 2 0 3 1 0 0 0 0/0 10:35 0:00 0:00
Tyrell Goulbourne 0 0 0 0 0 0 1 0 0 0 0/0 6:59 0:00 0:00
3 Stars
1 - Nathan Davis (Stf)
2 - Tim Crowder (Stf)
3 - Carl Klingberg (Stf)
Power Play
Thunder - 1 on 3 Attempt(s) - 33.33%
Rafales - 0 on 4 Attempt(s) - 0.00%
Penalty Kill
Thunder - 4 on 4 Attempt(s) - 100.00%
- Score 1 goal in Penalty Kill
Rafales - 2 on 3 Attempt(s) - 66.67%
- Score 0 goal in Penalty Kill
Team Stat
Thunder - Hits : 21 - Faceoff Wins : 36 - Blocked Shots : 10 - Penalty Minutes : 28
Rafales - Hits : 29 - Faceoff Wins : 27 - Blocked Shots : 7 - Penalty Minutes : 16
Official
Referees : Unknown
Linesman : Unknown
Game Notes
Niklas Treutle enters game at 12:41 of 1st period
Carl Klingberg beats up Eric Fehr at 2:44 of 2nd period
Joey Laleggia is injured at 1:55 of 3rd period (Right Hand)
Jayson Megna beats up David Wolf at 8:01 of 3rd period
Finance
Level 1 -- Attendance: 1266 (63.30%) -- Ticket Income $50,640
Level 2 -- Attendance: 696 (69.60%) -- Ticket Income $13,920
Total Attendance: 1962 (65.40%)
Total Ticket Income: $64,560
Other Income: $3,228
Total Income: $67,788
Thunder
5 vs 5 Forward
Center Left Wing Right Wing Time % Phy DF OF
1 William Karlsson Dany Roussin Eric Fehr 40 1 2 2
2 Trevor Lewis Mike Hoffman Austin Wuthrich 30 1 2 2
3 Zach Stepan David Wolf Austin Poganski 20 1 2 2
4 Jordan Weal Jamie McGinn Eric Fehr 10 1 2 2
5 vs 5 Defense
Defense Defense Time % Phy DF OF
1 Joey Ryan Peter Andersson 40 1 2 2
2 Derek Forbort Jesper Pettersson 30 1 2 2
3 Emil Johansson Mackenze Stewart 20 1 2 2
4 Joey Ryan Peter Andersson 10 1 2 2
PowerPlay Forward
Center Left Wing Right Wing Time % Phy DF OF
1 William Karlsson Dany Roussin Eric Fehr 60 1 2 2
2 Trevor Lewis Mike Hoffman Austin Wuthrich 40 1 2 2
PowerPlay Defense
Defense Defense Time % Phy DF OF
1 Joey Ryan Peter Andersson 60 1 2 2
2 Derek Forbort Jesper Pettersson 40 1 2 2
Penalty Kill 4 Players Forward
Center Wing Time % Phy DF OF
1 Eric Fehr Dany Roussin 60 1 2 2
2 William Karlsson Mike Hoffman 40 1 2 2
Penalty Kill 4 Players Defense
Defense Defense Time % Phy DF OF
1 Joey Ryan Peter Andersson 60 1 2 2
2 Derek Forbort Jesper Pettersson 40 1 2 2
Penalty Kill - 3 Players Forward
Forward Time % Phy DF OF
1 Eric Fehr 60 1 2 2
2 Dany Roussin 40 1 2 2
Penalty Kill - 3 Players Defense
Defense Defense Time % Phy DF OF
1 Joey Ryan Peter Andersson 60 1 2 2
2 Derek Forbort Jesper Pettersson 40 1 2 2
4 vs 4 Forward
Center Wing Time % Phy DF OF
1 Eric Fehr Dany Roussin 60 1 2 2
2 William Karlsson Mike Hoffman 40 1 2 2
4 vs 4 Defense
Defense Defense Time % Phy DF OF
1 Joey Ryan Peter Andersson 60 1 2 2
2 Derek Forbort Jesper Pettersson 40 1 2 2
Last Minutes Offensive
Center Left Wing Right Wing Defense Defense
William Karlsson Dany Roussin Eric Fehr Joey Ryan Peter Andersson
Last Minutes Defensive
Center Left Wing Right Wing Defense Defense
William Karlsson Dany Roussin Eric Fehr Joey Ryan Peter Andersson
Goaltenders
Starting : Jussi Rynnas
Backup : Niklas Treutle
Extra Forwards
Normal : Nikolay Prokhorkin, Colby Cave, Vincent Dunn - PP : Nikolay Prokhorkin, Colby Cave - PK : Vincent Dunn
Extra Defensemen
Normal : Emil Johansson, Mackenze Stewart, Derek Forbort - PP : Emil Johansson - PK : Mackenze Stewart, Derek Forbort
Penalty Shots
Eric Fehr, Dany Roussin, William Karlsson, Mike Hoffman, David Wolf
Scratches
Mikko Vainonen (Right Eye Injury), Gianluca Curcuruto (Right Ankle Injury), Mason McDonald (Healthy)
Rafales
5 vs 5 Forward
Center Left Wing Right Wing Time % Phy DF OF
1 Nathan Davis Carl Klingberg Andrew Shaw 40 1 2 2
2 Kevin Veilleux Chris Terry Brian Ferlin 30 1 2 2
3 Jayson Megna Ben Thomson Tim Crowder 20 1 2 2
4 Joe Labate Tyrell Goulbourne Borna Rendulic 10 1 2 2
5 vs 5 Defense
Defense Defense Time % Phy DF OF
1 Bruno Gervais Julian Melchiori 40 1 2 2
2 Dylan McIlrath Joey Laleggia 30 1 2 2
3 Slater Koekkoek Bruno Gervais 20 1 2 2
4 Julian Melchiori Dylan McIlrath 10 1 2 2
PowerPlay Forward
Center Left Wing Right Wing Time % Phy DF OF
1 Nathan Davis Carl Klingberg Andrew Shaw 60 1 2 2
2 Kevin Veilleux Chris Terry Brian Ferlin 40 1 2 2
PowerPlay Defense
Defense Defense Time % Phy DF OF
1 Bruno Gervais Julian Melchiori 60 1 2 2
2 Dylan McIlrath Joey Laleggia 40 1 2 2
Penalty Kill 4 Players Forward
Center Wing Time % Phy DF OF
1 Andrew Shaw Carl Klingberg 60 1 2 2
2 Nathan Davis Brian Ferlin 40 1 2 2
Penalty Kill 4 Players Defense
Defense Defense Time % Phy DF OF
1 Bruno Gervais Julian Melchiori 60 1 2 2
2 Dylan McIlrath Joey Laleggia 40 1 2 2
Penalty Kill - 3 Players Forward
Forward Time % Phy DF OF
1 Andrew Shaw 60 1 2 2
2 Carl Klingberg 40 1 2 2
Penalty Kill - 3 Players Defense
Defense Defense Time % Phy DF OF
1 Bruno Gervais Julian Melchiori 60 1 2 2
2 Dylan McIlrath Joey Laleggia 40 1 2 2
4 vs 4 Forward
Center Wing Time % Phy DF OF
1 Andrew Shaw Carl Klingberg 60 1 2 2
2 Nathan Davis Brian Ferlin 40 1 2 2
4 vs 4 Defense
Defense Defense Time % Phy DF OF
1 Bruno Gervais Julian Melchiori 60 1 2 2
2 Dylan McIlrath Joey Laleggia 40 1 2 2
Last Minutes Offensive
Center Left Wing Right Wing Defense Defense
Nathan Davis Carl Klingberg Andrew Shaw Bruno Gervais Julian Melchiori
Last Minutes Defensive
Center Left Wing Right Wing Defense Defense
Nathan Davis Carl Klingberg Andrew Shaw Bruno Gervais Julian Melchiori
Goaltenders
Starting : Jake Allen
Backup : Leland Irving
Extra Forwards
Normal : James Marcou, Akim Aliu, Ryan Bourque - PP : James Marcou, Akim Aliu - PK : Ryan Bourque
Extra Defensemen
Normal : Slater Koekkoek, Joey Laleggia, Bruno Gervais - PP : Slater Koekkoek - PK : Joey Laleggia, Bruno Gervais
Penalty Shots
Andrew Shaw, Carl Klingberg, Nathan Davis, Brian Ferlin, Tim Crowder
Scratches
Connor Murphy (Suspend), Maksim Mayorov (Broken Right Foot Toe Injury), Chris Driedger (Healthy), Sean Maguire (Healthy)
% Time on Ice - Thunder
Lines # - Real PCT - Wanted PCT - Time Play
Normal Forward
1 - 32% - 40% - 15:42
2 - 30% - 30% - 14:21
3 - 25% - 20% - 12:12
4 - 13% - 10% - 6:05
Normal Defense
1 - 39% - 40% - 18:50
2 - 31% - 30% - 14:57
3 - 26% - 20% - 12:20
4 - 5% - 10% - 2:13
PP Forward
1 - 58% - 60% - 2:10
2 - 42% - 40% - 1:34
PP Defense
1 - 68% - 60% - 2:32
2 - 32% - 40% - 1:12
PK Forward
1 - 91% - 60% - 6:50
2 - 9% - 40% - 0:40
PK Defense
1 - 58% - 60% - 4:19
2 - 42% - 40% - 3:11
PK3 Forward
1 - 0% - 60%
2 - 0% - 40%
PK3 Defense
1 - 0% - 60%
2 - 0% - 40%
44 Forward
1 - 100% - 60% - 0:26
2 - 0% - 40% - 0:00
44 Defense
1 - 50% - 60% - 0:13
2 - 50% - 40% - 0:13
Last Minute Offensive - 0:00
Last Minute Defensive - 0:00
Total
Forward - 60:00
Defense - 60:00
|
% Time on Ice - Rafales
Lines # - Real PCT - Wanted PCT - Time Play
Normal Forward
1 - 34% - 40% - 16:29
2 - 30% - 30% - 14:17
3 - 22% - 20% - 10:35
4 - 14% - 10% - 6:59
Normal Defense
1 - 35% - 40% - 16:42
2 - 40% - 30% - 19:21
3 - 18% - 20% - 8:34
4 - 8% - 10% - 3:43
PP Forward
1 - 61% - 60% - 4:33
2 - 39% - 40% - 2:57
PP Defense
1 - 56% - 60% - 4:12
2 - 44% - 40% - 3:18
PK Forward
1 - 69% - 60% - 2:35
2 - 31% - 40% - 1:09
PK Defense
1 - 62% - 60% - 2:19
2 - 38% - 40% - 1:25
PK3 Forward
1 - 0% - 60%
2 - 0% - 40%
PK3 Defense
1 - 0% - 60%
2 - 0% - 40%
44 Forward
1 - 100% - 60% - 0:26
2 - 0% - 40% - 0:00
44 Defense
1 - 100% - 60% - 0:26
2 - 0% - 40% - 0:00
Last Minute Offensive - 0:00
Last Minute Defensive - 0:00
Total
Forward - 60:00
Defense - 60:00
|
Play-by-Play
1st period
0:01 of 1st period - William Karlsson wins face-off versus Nathan Davis in neutral zone.
0:35 of 1st period - Icing by Julian Melchiori.
0:36 of 1st period - Zach Stepan wins face-off versus Kevin Veilleux in Rafales zone.
0:45 of 1st period - Snap shot by David Wolf.
0:45 of 1st period - Stopped by Jake Allen without a rebound.
0:46 of 1st period - Zach Stepan wins face-off versus Jayson Megna in Rafales zone.
0:49 of 1st period - Slapshot by Derek Forbort.
0:49 of 1st period - Stopped by Jake Allen without a rebound.
0:50 of 1st period - Jayson Megna wins face-off versus Jordan Weal in Rafales zone.
0:55 of 1st period - Jamie McGinn is hit by Jayson Megna.
1:38 of 1st period - Backhand shot by Borna Rendulic.
1:38 of 1st period - Shot Blocked by Derek Forbort.
2:10 of 1st period - Dany Roussin is hit by Kevin Veilleux and loses puck.
3:15 of 1st period - Mike Hoffman is hit by Chris Terry and loses puck.
3:29 of 1st period - Icing by Slater Koekkoek.
3:30 of 1st period - Nathan Davis wins face-off versus William Karlsson in Rafales zone.
3:57 of 1st period - Nathan Davis is hit by Dany Roussin and loses puck.
4:10 of 1st period - Backhand shot by Nathan Davis.
4:10 of 1st period - Shot Misses the Net.
4:12 of 1st period - Wrist shot by Carl Klingberg.
4:12 of 1st period - Goal by Carl Klingberg - Thunder : 0 - Rafales : 1.
4:13 of 1st period - Trevor Lewis wins face-off versus Kevin Veilleux in neutral zone.
4:18 of 1st period - Wrist shot by Trevor Lewis.
4:18 of 1st period - Shot Misses the Net.
4:26 of 1st period - Wrist shot by Brian Ferlin.
4:26 of 1st period - Goal by Brian Ferlin - Thunder : 0 - Rafales : 2.
4:27 of 1st period - William Karlsson wins face-off versus Jayson Megna in neutral zone.
4:57 of 1st period - Joey Ryan is hit by Brian Ferlin and loses puck.
5:12 of 1st period - Slapshot by Andrew Shaw.
5:12 of 1st period - Stopped by Jussi Rynnas without a rebound.
5:13 of 1st period - Nathan Davis wins face-off versus Mike Hoffman in Thunder zone.
6:09 of 1st period - Minor Penalty to Julian Melchiori for Interference.
6:10 of 1st period - Eric Fehr wins face-off versus Andrew Shaw in Rafales zone.
6:10 of 1st period - Snap shot by William Karlsson.
6:10 of 1st period - Deflect By Dany Roussin.
6:10 of 1st period - Shot Misses the Net.
6:10 of 1st period - Puck is out of play.
6:11 of 1st period - William Karlsson wins face-off versus Andrew Shaw in Rafales zone.
6:32 of 1st period - Andrew Shaw is hit by Joey Ryan and loses puck.
6:47 of 1st period - Slapshot by Trevor Lewis.
6:47 of 1st period - Shot Misses the Net.
6:49 of 1st period - Slapshot by Peter Andersson.
6:49 of 1st period - Shot Misses the Net.
6:51 of 1st period - Slapshot by Mike Hoffman.
6:51 of 1st period - Shot Misses the Net.
6:53 of 1st period - Slapshot by Joey Ryan.
6:53 of 1st period - Stopped by Jake Allen without a rebound.
6:54 of 1st period - Nathan Davis wins face-off versus William Karlsson in Rafales zone.
8:05 of 1st period - William Karlsson is hit by Bruno Gervais and loses puck.
8:09 of 1st period - Penalty to Julian Melchiori is over, Julian Melchiori is back on ice.
8:58 of 1st period - Bruno Gervais is hit by Austin Wuthrich and loses puck.
9:09 of 1st period - Derek Forbort is hit by Nathan Davis and loses puck.
9:46 of 1st period - Derek Forbort is hit by Joe Labate.
9:50 of 1st period - Slater Koekkoek is hit by Dany Roussin and loses puck.
10:17 of 1st period - Icing by Joey Ryan.
10:18 of 1st period - Jordan Weal wins face-off versus Andrew Shaw in Thunder zone.
10:37 of 1st period - Julian Melchiori is hit by Mike Hoffman and loses puck.
11:14 of 1st period - Wrist shot by Tim Crowder.
11:14 of 1st period - Goal by Tim Crowder - Thunder : 0 - Rafales : 3.
11:15 of 1st period - Trevor Lewis wins face-off versus Nathan Davis in neutral zone.
12:01 of 1st period - Slapshot by Bruno Gervais.
12:01 of 1st period - Shot Blocked by Zach Stepan.
12:03 of 1st period - Slapshot by Bruno Gervais.
12:03 of 1st period - Shot Misses the Net.
12:05 of 1st period - Wrist shot by Bruno Gervais.
12:05 of 1st period - Stopped by Jussi Rynnas with a rebound.
12:07 of 1st period - Wrist shot by Tim Crowder.
12:07 of 1st period - Shot Misses the Net.
12:09 of 1st period - Slapshot by Bruno Gervais.
12:09 of 1st period - Shot Misses the Net.
12:11 of 1st period - Wrist shot by Jayson Megna.
12:11 of 1st period - Stopped by Jussi Rynnas with a rebound.
12:29 of 1st period - Snap shot by Nathan Davis.
12:29 of 1st period - Deflect By Andrew Shaw.
12:29 of 1st period - Shot Misses the Net.
12:29 of 1st period - Puck is out of play.
12:30 of 1st period - Nathan Davis wins face-off versus William Karlsson in Thunder zone.
12:37 of 1st period - Wrist shot by Carl Klingberg.
12:37 of 1st period - Stopped by Jussi Rynnas with a rebound.
12:39 of 1st period - Slapshot by Dylan McIlrath.
12:39 of 1st period - Shot Misses the Net.
12:41 of 1st period - Snap shot by Nathan Davis.
12:41 of 1st period - Goal by Nathan Davis - Thunder : 0 - Rafales : 4.
12:41 of 1st period - Niklas Treutle enters game.
12:42 of 1st period - Carl Klingberg wins face-off versus William Karlsson in neutral zone.
12:45 of 1st period - Wrist shot by Nathan Davis.
12:45 of 1st period - Stopped by Niklas Treutle with a rebound.
13:04 of 1st period - Icing by Bruno Gervais.
13:05 of 1st period - Trevor Lewis wins face-off versus Kevin Veilleux in Rafales zone.
13:10 of 1st period - Snap shot by Trevor Lewis.
13:10 of 1st period - Deflect By Mike Hoffman.
13:10 of 1st period - Shot Blocked by Chris Terry.
13:10 of 1st period - Puck is out of play.
13:11 of 1st period - Trevor Lewis wins face-off versus Kevin Veilleux in Rafales zone.
13:28 of 1st period - Snap shot by Brian Ferlin.
13:28 of 1st period - Shot Misses the Net.
13:30 of 1st period - Slapshot by Bruno Gervais.
13:30 of 1st period - Shot Misses the Net.
13:32 of 1st period - Slapshot by Julian Melchiori.
13:32 of 1st period - Stopped by Niklas Treutle with a rebound.
13:34 of 1st period - Slapshot by Brian Ferlin.
13:34 of 1st period - Stopped by Niklas Treutle with a rebound.
13:46 of 1st period - Snap shot by Kevin Veilleux.
13:46 of 1st period - Stopped by Niklas Treutle without a rebound.
13:47 of 1st period - Nathan Davis wins face-off versus William Karlsson in Thunder zone.
14:00 of 1st period - Wrist shot by Dany Roussin.
14:00 of 1st period - Stopped by Jake Allen with a rebound.
14:02 of 1st period - Wrist shot by Dany Roussin.
14:02 of 1st period - Shot Misses the Net.
14:39 of 1st period - Snap shot by Joe Labate.
14:39 of 1st period - Shot Misses the Net.
14:56 of 1st period - Minor Penalty to Dylan McIlrath for Diving.
14:57 of 1st period - William Karlsson wins face-off versus Andrew Shaw in Rafales zone.
16:29 of 1st period - Minor Penalty to Dany Roussin for High sticking.
16:30 of 1st period - Andrew Shaw wins face-off versus Eric Fehr in Thunder zone.
16:42 of 1st period - Off-side.
16:43 of 1st period - Eric Fehr wins face-off versus Andrew Shaw in neutral zone.
16:46 of 1st period - Snap shot by Peter Andersson.
16:46 of 1st period - Stopped by Jake Allen with a rebound.
16:56 of 1st period - Penalty to Dylan McIlrath is over, Dylan McIlrath is back on ice.
17:16 of 1st period - Slapshot by Julian Melchiori.
17:16 of 1st period - Shot Blocked by Peter Andersson.
17:32 of 1st period - Bruno Gervais is hit by Jordan Weal.
17:46 of 1st period - Wrist shot by Andrew Shaw.
17:46 of 1st period - Deflect By Carl Klingberg.
17:46 of 1st period - Shot Blocked by Mike Hoffman.
17:46 of 1st period - Puck is out of play.
17:47 of 1st period - Eric Fehr wins face-off versus Kevin Veilleux in Thunder zone.
18:29 of 1st period - Penalty to Dany Roussin is over, Dany Roussin is back on ice.
18:34 of 1st period - Derek Forbort is hit by Bruno Gervais and loses puck.
19:02 of 1st period - Ben Thomson is hit by David Wolf and loses puck.
19:19 of 1st period - Snap shot by Joe Labate.
19:19 of 1st period - Shot Misses the Net.
19:21 of 1st period - Snap shot by Bruno Gervais.
19:21 of 1st period - Stopped by Niklas Treutle with a rebound.
19:23 of 1st period - Snap shot by Borna Rendulic.
19:23 of 1st period - Shot Misses the Net.
19:25 of 1st period - Snap shot by Joe Labate.
19:25 of 1st period - Stopped by Niklas Treutle without a rebound.
19:26 of 1st period - Trevor Lewis wins face-off versus Kevin Veilleux in Thunder zone.
19:26 of 1st period - Trevor Lewis is hit by Brian Ferlin.
19:32 of 1st period - Peter Andersson is hit by Bruno Gervais and loses puck.
19:39 of 1st period - Snap shot by Kevin Veilleux.
19:39 of 1st period - Goal by Kevin Veilleux - Thunder : 0 - Rafales : 5.
19:40 of 1st period - William Karlsson wins face-off versus Nathan Davis in neutral zone.
19:51 of 1st period - Nathan Davis is hit by Joey Ryan and loses puck.
Goals for this period are 0 for Thunder vs 5 for Rafales.
Shots for this period are 5 for Thunder vs 15 for Rafales.
2nd period
0:01 of 2nd period - Nathan Davis wins face-off versus William Karlsson in neutral zone.
0:28 of 2nd period - Snap shot by Mike Hoffman.
0:28 of 2nd period - Deflect By Chris Terry.
0:28 of 2nd period - Stopped by Jake Allen with a rebound.
0:32 of 2nd period - Backhand shot by Trevor Lewis.
0:32 of 2nd period - Deflect By Mike Hoffman.
0:32 of 2nd period - Goal by Mike Hoffman - Thunder : 1 - Rafales : 5.
0:33 of 2nd period - William Karlsson wins face-off versus Nathan Davis in neutral zone.
0:35 of 2nd period - Off-side.
0:36 of 2nd period - Nathan Davis wins face-off versus William Karlsson in neutral zone.
0:41 of 2nd period - Backhand shot by Andrew Shaw.
0:41 of 2nd period - Shot Misses the Net.
0:43 of 2nd period - Snap shot by Carl Klingberg.
0:43 of 2nd period - Goal by Carl Klingberg - Thunder : 1 - Rafales : 6.
0:44 of 2nd period - William Karlsson wins face-off versus Nathan Davis in neutral zone.
0:51 of 2nd period - Snap shot by William Karlsson.
0:51 of 2nd period - Stopped by Jake Allen with a rebound.
0:53 of 2nd period - Snap shot by Dany Roussin.
0:53 of 2nd period - Stopped by Jake Allen with a rebound.
0:55 of 2nd period - Slapshot by Joey Ryan.
0:55 of 2nd period - Deflect By William Karlsson.
0:55 of 2nd period - Shot Misses the Net.
0:55 of 2nd period - Puck is out of play.
0:56 of 2nd period - William Karlsson wins face-off versus Nathan Davis in Rafales zone.
0:57 of 2nd period - Snap shot by Eric Fehr.
0:57 of 2nd period - Stopped by Jake Allen without a rebound.
0:58 of 2nd period - Nathan Davis wins face-off versus William Karlsson in Rafales zone.
2:22 of 2nd period - Slapshot by Peter Andersson.
2:22 of 2nd period - Deflect By Trevor Lewis.
2:22 of 2nd period - Goal by Trevor Lewis - Thunder : 2 - Rafales : 6.
2:23 of 2nd period - Eric Fehr wins face-off versus Nathan Davis in neutral zone.
2:31 of 2nd period - Slapshot by Andrew Shaw.
2:31 of 2nd period - Shot Misses the Net.
2:33 of 2nd period - Slapshot by Bruno Gervais.
2:33 of 2nd period - Stopped by Niklas Treutle with a rebound.
2:35 of 2nd period - Slapshot by Nathan Davis.
2:35 of 2nd period - Stopped by Niklas Treutle without a rebound.
2:36 of 2nd period - William Karlsson wins face-off versus Nathan Davis in Thunder zone.
2:44 of 2nd period - Carl Klingberg beats up Eric Fehr.
2:44 of 2nd period - Penalty to Carl Klingberg for Fighting.
2:44 of 2nd period - Penalty to Eric Fehr for Fighting.
2:44 of 2nd period - Penalty to Eric Fehr for instigated a fight.
2:44 of 2nd period - Penalty to Eric Fehr for instigated a fight.
2:45 of 2nd period - Nathan Davis wins face-off versus Vincent Dunn in Rafales zone.
3:52 of 2nd period - Vincent Dunn is hit by Andrew Shaw and loses puck.
4:44 of 2nd period - Penalty to Eric Fehr is over, Austin Wuthrich is send on ice.
4:53 of 2nd period - Wrist shot by Ben Thomson.
4:53 of 2nd period - Stopped by Niklas Treutle without a rebound.
4:54 of 2nd period - Jayson Megna wins face-off versus Zach Stepan in Thunder zone.
5:42 of 2nd period - Snap shot by Nathan Davis.
5:42 of 2nd period - Stopped by Niklas Treutle without a rebound.
5:43 of 2nd period - William Karlsson wins face-off versus Nathan Davis in Thunder zone.
5:48 of 2nd period - Derek Forbort is hit by Nathan Davis and loses puck.
6:13 of 2nd period - Slapshot by Brian Ferlin.
6:13 of 2nd period - Shot Blocked by Derek Forbort.
6:15 of 2nd period - Slapshot by Joey Laleggia.
6:15 of 2nd period - Deflect By Mike Hoffman.
6:15 of 2nd period - Stopped by Niklas Treutle without a rebound.
6:16 of 2nd period - Trevor Lewis wins face-off versus Kevin Veilleux in Thunder zone.
7:11 of 2nd period - Wrist shot by Tim Crowder.
7:11 of 2nd period - Stopped by Niklas Treutle with a rebound.
7:13 of 2nd period - Snap shot by Ben Thomson.
7:13 of 2nd period - Shot Blocked by Jesper Pettersson.
8:34 of 2nd period - Julian Melchiori is hit by Jamie McGinn and loses puck.
9:14 of 2nd period - Off-side.
9:15 of 2nd period - Kevin Veilleux wins face-off versus Zach Stepan in neutral zone.
10:13 of 2nd period - Slapshot by Tim Crowder.
10:13 of 2nd period - Shot Blocked by Mike Hoffman.
11:06 of 2nd period - Nathan Davis is hit by Austin Poganski and loses puck.
11:27 of 2nd period - Mike Hoffman is hit by Jayson Megna and loses puck.
12:00 of 2nd period - Wrist shot by Borna Rendulic.
12:00 of 2nd period - Stopped by Niklas Treutle with a rebound.
12:31 of 2nd period - Snap shot by Trevor Lewis.
12:31 of 2nd period - Shot Blocked by Brian Ferlin.
12:40 of 2nd period - Off-side.
12:41 of 2nd period - Nathan Davis wins face-off versus William Karlsson in neutral zone.
12:46 of 2nd period - Snap shot by Carl Klingberg.
12:46 of 2nd period - Shot Misses the Net.
13:17 of 2nd period - Snap shot by Ben Thomson.
13:17 of 2nd period - Shot Blocked by Derek Forbort.
13:31 of 2nd period - Julian Melchiori is hit by Jamie McGinn and loses puck.
13:48 of 2nd period - Peter Andersson is hit by Julian Melchiori.
13:58 of 2nd period - Wrist shot by Julian Melchiori.
13:58 of 2nd period - Shot Misses the Net.
14:08 of 2nd period - Slater Koekkoek is hit by Jamie McGinn and loses puck.
14:38 of 2nd period - Tim Crowder is hit by Austin Poganski and loses puck.
16:01 of 2nd period - Slapshot by Ben Thomson.
16:01 of 2nd period - Shot Blocked by Jamie McGinn.
16:03 of 2nd period - Slapshot by Julian Melchiori.
16:03 of 2nd period - Deflect By Jamie McGinn.
16:03 of 2nd period - Stopped by Niklas Treutle with a rebound.
16:20 of 2nd period - Slater Koekkoek is hit by Mike Hoffman and loses puck.
16:41 of 2nd period - William Karlsson is hit by Slater Koekkoek and loses puck.
16:52 of 2nd period - Joe Labate is hit by David Wolf and loses puck.
16:57 of 2nd period - Snap shot by David Wolf.
16:57 of 2nd period - Stopped by Jake Allen without a rebound.
16:58 of 2nd period - Andrew Shaw wins face-off versus Zach Stepan in Rafales zone.
17:29 of 2nd period - William Karlsson is hit by Joey Laleggia and loses puck.
17:44 of 2nd period - 10 Minutes Misconduct Penalty to Eric Fehr is over.
17:50 of 2nd period - Bruno Gervais is hit by Austin Wuthrich and loses puck.
18:17 of 2nd period - Tyrell Goulbourne is hit by Jamie McGinn and loses puck.
18:36 of 2nd period - Slapshot by Carl Klingberg.
18:36 of 2nd period - Stopped by Niklas Treutle with a rebound.
18:38 of 2nd period - Snap shot by Nathan Davis.
18:38 of 2nd period - Stopped by Niklas Treutle without a rebound.
18:39 of 2nd period - Nathan Davis wins face-off versus William Karlsson in Thunder zone.
18:42 of 2nd period - Wrist shot by Andrew Shaw.
18:42 of 2nd period - Shot Misses the Net.
18:44 of 2nd period - Wrist shot by Carl Klingberg.
18:44 of 2nd period - Stopped by Niklas Treutle with a rebound.
18:46 of 2nd period - Wrist shot by Carl Klingberg.
18:46 of 2nd period - Shot Misses the Net.
18:48 of 2nd period - Wrist shot by Nathan Davis.
18:48 of 2nd period - Stopped by Niklas Treutle with a rebound.
Goals for this period are 2 for Thunder vs 1 for Rafales.
Shots for this period are 7 for Thunder vs 13 for Rafales.
3rd period
0:01 of 3rd period - Nathan Davis wins face-off versus William Karlsson in neutral zone.
0:06 of 3rd period - Snap shot by Andrew Shaw.
0:06 of 3rd period - Stopped by Niklas Treutle with a rebound.
0:26 of 3rd period - Peter Andersson is hit by Chris Terry and loses puck.
0:41 of 3rd period - Minor Penalty to Dylan McIlrath for Hooking.
0:42 of 3rd period - Carl Klingberg wins face-off versus William Karlsson in Rafales zone.
0:51 of 3rd period - Slapshot by Joey Ryan.
0:51 of 3rd period - Shot Blocked by Julian Melchiori.
0:53 of 3rd period - Snap shot by William Karlsson.
0:53 of 3rd period - Goal by William Karlsson - Thunder : 3 - Rafales : 6.
0:54 of 3rd period - Nathan Davis wins face-off versus William Karlsson in neutral zone.
1:09 of 3rd period - Snap shot by Eric Fehr.
1:09 of 3rd period - Deflect By William Karlsson.
1:09 of 3rd period - Stopped by Jake Allen without a rebound.
1:10 of 3rd period - Kevin Veilleux wins face-off versus Trevor Lewis in Rafales zone.
1:43 of 3rd period - Snap shot by David Wolf.
1:43 of 3rd period - Stopped by Jake Allen without a rebound.
1:44 of 3rd period - Zach Stepan wins face-off versus Nathan Davis in Rafales zone.
1:55 of 3rd period - Wrist shot by Zach Stepan.
1:55 of 3rd period - Shot Blocked by Joey Laleggia.
1:55 of 3rd period - Joey Laleggia from Rafales is injured at 1:55 of 3rd period (Right Hand).
1:56 of 3rd period - William Karlsson wins face-off versus Nathan Davis in Rafales zone.
2:46 of 3rd period - Snap shot by Ben Thomson.
2:46 of 3rd period - Deflect By Jayson Megna.
2:46 of 3rd period - Shot Blocked by Derek Forbort.
2:46 of 3rd period - Puck is out of play.
2:47 of 3rd period - Nathan Davis wins face-off versus Zach Stepan in Thunder zone.
3:04 of 3rd period - Slapshot by David Wolf.
3:04 of 3rd period - Shot Misses the Net.
3:06 of 3rd period - Slapshot by Joey Ryan.
3:06 of 3rd period - Deflect By David Wolf.
3:06 of 3rd period - Shot Misses the Net.
3:06 of 3rd period - Puck is out of play.
3:07 of 3rd period - William Karlsson wins face-off versus Kevin Veilleux in Rafales zone.
3:24 of 3rd period - Derek Forbort is hit by Brian Ferlin and loses puck.
3:41 of 3rd period - Slapshot by Jesper Pettersson.
3:41 of 3rd period - Shot Blocked by Bruno Gervais.
4:01 of 3rd period - Tim Crowder is hit by Austin Poganski and loses puck.
5:02 of 3rd period - Off-side.
5:03 of 3rd period - Nathan Davis wins face-off versus William Karlsson in neutral zone.
5:33 of 3rd period - Wrist shot by Zach Stepan.
5:33 of 3rd period - Stopped by Jake Allen without a rebound.
5:34 of 3rd period - Kevin Veilleux wins face-off versus Trevor Lewis in Rafales zone.
5:43 of 3rd period - Jesper Pettersson is hit by Brian Ferlin.
5:47 of 3rd period - Mike Hoffman is hit by Kevin Veilleux and loses puck.
6:09 of 3rd period - Wrist shot by Tim Crowder.
6:09 of 3rd period - Goal by Tim Crowder - Thunder : 3 - Rafales : 7.
6:10 of 3rd period - Dany Roussin wins face-off versus Nathan Davis in neutral zone.
6:38 of 3rd period - Off-side.
6:39 of 3rd period - Trevor Lewis wins face-off versus Kevin Veilleux in neutral zone.
7:20 of 3rd period - Slapshot by Mike Hoffman.
7:20 of 3rd period - Stopped by Jake Allen with a rebound.
7:22 of 3rd period - Snap shot by Austin Wuthrich.
7:22 of 3rd period - Stopped by Jake Allen with a rebound.
7:24 of 3rd period - Backhand shot by Austin Wuthrich.
7:24 of 3rd period - Shot Blocked by Julian Melchiori.
7:26 of 3rd period - Slapshot by Derek Forbort.
7:26 of 3rd period - Stopped by Jake Allen without a rebound.
7:27 of 3rd period - William Karlsson wins face-off versus Nathan Davis in Rafales zone.
7:54 of 3rd period - Snap shot by Zach Stepan.
7:54 of 3rd period - Shot Misses the Net.
7:56 of 3rd period - Snap shot by David Wolf.
7:56 of 3rd period - Stopped by Jake Allen without a rebound.
7:57 of 3rd period - Zach Stepan wins face-off versus Jayson Megna in Rafales zone.
8:01 of 3rd period - Jayson Megna beats up David Wolf.
8:01 of 3rd period - Penalty to Jayson Megna for Fighting.
8:01 of 3rd period - Penalty to David Wolf for Fighting.
8:02 of 3rd period - William Karlsson wins face-off versus Nathan Davis in neutral zone.
8:13 of 3rd period - Slapshot by Eric Fehr.
8:13 of 3rd period - Shot Blocked by Carl Klingberg.
8:27 of 3rd period - Bruno Gervais is hit by Peter Andersson and loses puck.
9:32 of 3rd period - Snap shot by Brian Ferlin.
9:32 of 3rd period - Deflect By Kevin Veilleux.
9:32 of 3rd period - Deflect By Dany Roussin.
9:32 of 3rd period - Shot Misses the Net.
9:32 of 3rd period - Puck is out of play.
9:33 of 3rd period - Austin Wuthrich wins face-off versus Kevin Veilleux in Thunder zone.
9:33 of 3rd period - Austin Wuthrich is hit by Brian Ferlin.
10:07 of 3rd period - Snap shot by Dany Roussin.
10:07 of 3rd period - Stopped by Jake Allen without a rebound.
10:08 of 3rd period - Zach Stepan wins face-off versus Nathan Davis in Rafales zone.
10:21 of 3rd period - Snap shot by Zach Stepan.
10:21 of 3rd period - Stopped by Jake Allen with a rebound.
10:23 of 3rd period - Wrist shot by Zach Stepan.
10:23 of 3rd period - Shot Misses the Net.
10:40 of 3rd period - Wrist shot by Tim Crowder.
10:40 of 3rd period - Shot Misses the Net.
10:42 of 3rd period - Slapshot by Dylan McIlrath.
10:42 of 3rd period - Stopped by Niklas Treutle without a rebound.
10:43 of 3rd period - Trevor Lewis wins face-off versus Kevin Veilleux in Thunder zone.
10:48 of 3rd period - Bruno Gervais is hit by Austin Wuthrich and loses puck.
10:59 of 3rd period - Slapshot by Brian Ferlin.
10:59 of 3rd period - Stopped by Niklas Treutle without a rebound.
11:00 of 3rd period - Nathan Davis wins face-off versus William Karlsson in Thunder zone.
11:07 of 3rd period - Snap shot by Andrew Shaw.
11:07 of 3rd period - Shot Misses the Net.
11:09 of 3rd period - Minor Penalty to Dany Roussin for Hooking.
11:10 of 3rd period - Eric Fehr wins face-off versus Nathan Davis in Thunder zone.
11:10 of 3rd period - Eric Fehr is hit by Carl Klingberg.
11:36 of 3rd period - Joey Ryan is hit by Brian Ferlin.
13:00 of 3rd period - Derek Forbort is hit by Carl Klingberg and loses puck.
13:01 of 3rd period - Penalty to David Wolf is over, David Wolf is back on ice.
13:09 of 3rd period - Penalty to Dany Roussin is over, Dany Roussin is back on ice.
13:26 of 3rd period - Zach Stepan is hit by Ben Thomson and loses puck.
13:59 of 3rd period - Minor Penalty to Mackenze Stewart for Slashing.
14:00 of 3rd period - Chris Terry wins face-off versus Eric Fehr in Thunder zone.
14:06 of 3rd period - Wrist shot by Eric Fehr.
14:06 of 3rd period - Goal by Eric Fehr - Thunder : 4 - Rafales : 7.
14:07 of 3rd period - Eric Fehr wins face-off versus Nathan Davis in neutral zone.
14:28 of 3rd period - Icing by Nathan Davis.
14:29 of 3rd period - Nathan Davis wins face-off versus Eric Fehr in Rafales zone.
14:52 of 3rd period - Snap shot by Andrew Shaw.
14:52 of 3rd period - Stopped by Niklas Treutle with a rebound.
15:58 of 3rd period - Vincent Dunn is hit by Borna Rendulic and loses puck.
15:59 of 3rd period - Penalty to Mackenze Stewart is over, Mackenze Stewart is back on ice.
16:17 of 3rd period - Zach Stepan is hit by Tim Crowder and loses puck.
17:53 of 3rd period - Ben Thomson is hit by David Wolf and loses puck.
18:22 of 3rd period - Austin Poganski is hit by Kevin Veilleux and loses puck.
18:37 of 3rd period - Snap shot by Trevor Lewis.
18:37 of 3rd period - Shot Misses the Net.
18:49 of 3rd period - Dany Roussin is hit by Tyrell Goulbourne and loses puck.
Goals for this period are 2 for Thunder vs 1 for Rafales.
Shots for this period are 11 for Thunder vs 5 for Rafales.
Back to the Top